 Dungeon Crawl Stone Soup version 0.25-a0-1056-g2efb326896 (webtiles) character file.

Game seed: 12051841070122792340, levelgen mode: deterministic

16242 Flugslaktarn the Cleaver (level 12, -2/110 HPs)
             Began as a Deep Dwarf Fighter on May 13, 2020.
             Was the Champion of Makhleb.
             Splashed by Maurice's acid (8 damage)
             ... on level 12 of the Dungeon.
             The game lasted 00:06:41 (9257 turns).

Flugslaktarn the Cleaver (Deep Dwarf Fighter)       Turns: 9257, Time: 00:06:41

Health: -2/110     AC:  7    Str: 20    XL:     12   Next: 8%
Magic:  11/11      EV: 11    Int: 12    God:    Makhleb [******]
Gold:   740        SH: 12    Dex: 16    Spells: 11/11 levels left

rFire    . . .     SeeInvis .   a - +1 war axe
rCold    + + +     Gourm    .   c - +0 kite shield
rNeg     . . .     Faith    .   F - +0 ice dragon scales
rPois    +         Spirit   .   (no helmet)
rElec    .         Reflect  .   (no cloak)
rCorr    .         Harm     .   G - +0 pair of gloves
MR       +....                  (no boots)
Stlth    ..........             (no amulet)
HPRegen  0.00/turn              J - +2 ring of protection
MPRegen  0.12/turn              p - +3 ring of protection

@: corroded, non-regenerating
A: damage resistance, heal wounds, clever 1, cold resistance 1, fire resistance
1, sense surroundings 2, poison resistance, no regeneration
a: Heal Wounds, Minor Destruction, Lesser Servant of Makhleb, Major Destruction,
Greater Servant of Makhleb, Renounce Religion


You were on level 12 of the Dungeon.
You worshipped Makhleb.
Makhleb was exalted by your worship.
You were hungry.

You visited 2 branches of the dungeon, and saw 13 of its levels.

You collected 1162 gold pieces.
You spent 422 gold pieces at shops.

Inventory:

Hand Weapons
 a - a +1 war axe (weapon)
 D - a +5 hand axe
   (You took it off a wight on level 8 of the Dungeon)
 I - a +1 scimitar of flaming
   (You took it off Erica on level 11 of the Dungeon)
Missiles
 v - a throwing net (quivered)
Armour
 c - a +0 kite shield (worn)
 y - a +0 plate armour
   (You found it on level 4 of the Dungeon)
 F - +0 ice dragon scales (worn)
   (You found it on level 11 of the Dungeon)
 G - a +0 pair of gloves (worn)
   (You found it on level 9 of the Dungeon)
Jewellery
 f - an uncursed ring of protection from fire
   (You took it off a centaur on level 6 of the Dungeon)
 i - an uncursed ring of see invisible
   (You found it on level 8 of the Dungeon)
 p - a +3 ring of protection (right hand)
   (You found it on level 2 of the Dungeon)
 J - a +2 ring of protection (left hand)
   (You found it on level 12 of the Dungeon)
Wands
 g - a wand of enslavement (12)
   (You found it on level 5 of the Dungeon)
 E - a wand of paralysis (4)
   (You took it off Joseph on level 8 of the Dungeon)
 H - a wand of clouds (3)
   (You took it off Erica on level 11 of the Dungeon)
Scrolls
 j - 2 scrolls of enchant weapon
 k - 2 scrolls of fear
 r - 2 scrolls of identify
 t - 8 scrolls of teleportation
 u - 2 scrolls of immolation
 x - 2 scrolls of remove curse
 z - 2 scrolls of fog
 C - a scroll of magic mapping
Potions
 b - 2 potions of berserk rage
 d - 2 potions of might
 l - 5 potions of flight
 m - 4 potions of brilliance
 n - a potion of ambrosia
 q - 5 potions of curing
 s - 3 potions of lignification
 w - a potion of heal wounds
Comestibles
 e - 23 rations


   Skills:
 - Level 7.9 Fighting
 - Level 12.4 Axes
 - Level 9.4 Armour
 + Level 5.0 Dodging
 - Level 9.3 Shields
 - Level 9.3 Invocations


You had 11 spell levels left.
You didn't know any spells.
Your spell library was empty.

Dungeon Overview and Level Annotations

Branches:
Dungeon (12/15)            Temple (1/1) D:4            Lair (0/6) D:9
    Orc (0/2) D:10

Altars:
Cheibriados
Dithmenos
Elyvilon
Fedhas
Gozag
Kikubaaqudgha
Makhleb
Qazlal
Ru
Sif Muna
Trog
Uskayaw
Vehumet
Wu Jian
Xom
Yredelemnul
Beogh

Shops:
D:7 =   D:10 *

Annotations:
D:12 1 runed translucent door, Maurice


Innate Abilities, Weirdness & Mutations

You are resistant to damage.
You can heal yourself by infusing magical energy.
You passively map the area around you.
You do not regenerate.
Your mind is acute. (Int +2)
Your flesh is cold resistant. (rC+)
Your flesh is heat resistant. (rF+)
Your system is resistant to poisons. (rPois)


Message History

You miss something. You block something's attack.
You slash something! You hit something but do no damage.
Something hits you but does no damage. x2
You miss something. You block something's attack.
Unknown command.
You slash something! You block something's attack.
Something hits you but does no damage.
You hit something. Something hits you but does no damage.
You slash something!
You hear a zap.
A bolt of acid appears from out of thin air!
The bolt of acid hits you!! The acid corrodes you!
You are splashed with acid!
* * * LOW HITPOINT WARNING * * *
You slash something!
You hear a zap.
A bolt of acid appears from out of thin air!
The bolt of acid hits you!!
* * * LOW HITPOINT WARNING * * *
The acid corrodes you!
You are splashed with acid!
You die...

#### #.......#...................
...###.....#.#.....###.###.#.####
.......................###.#.#
##.##(.#...#.#...............####
#.##..#.†.#.#☼☼☼§...............
..........#.#.§☼####..###.#.....
...##..#.......☼○§...............
................{..##..###.######
#####..#.###.#.#@####..###.######
#..#.# #.#.#.####............ #,
................########## *
......#.#####.########## *
#######.#####........... * ,
,........########## * #.#######
###


There were no monsters in sight!

Vanquished Creatures
  Erica (D:11)
  A two-headed ogre (D:7)
  A tengu warrior (D:12)
  A cyclops (D:12)
  Joseph (D:8)
  A gargoyle (D:10)
  3 trolls
  Prince Ribbit (D:8)
  A hippogriff (D:10)
  4 wyverns
  A wraith (D:11)
  17 yaks
  Grum (D:8)
  3 water moccasins
  A soldier ant (D:12)
  4 porcupines (D:9)
  11 orc warriors
  A hornet zombie (D:8)
  4 ice beasts
  3 sky beasts
  2 black bears (D:9)
  A necrophage (D:10)
  9 ogres
  3 phantoms
  4 centaurs
  4 wolves (D:8)
  A crocodile (D:8)
  4 big kobolds
  8 bullfrogs
  2 gnoll sergeants (D:10)
  A wyvern skeleton (D:8)
  2 scorpions
  A water moccasin skeleton (D:8)
  11 killer bees
  5 wights (D:8)
  A howler monkey (D:6)
  3 crimson imps
  3 bullfrog zombies
  A centaur zombie (D:9)
  6 hounds
  8 jellies
  A centaur skeleton (D:5)
  22 orc wizards
  9 orc priests
  2 bullfrog skeletons (D:6)
  10 worker ants
  4 iguanas
  2 hound zombies
  8 gnolls
  2 howler monkey skeletons
  15 adders
  4 shadow imps
  2 adder zombies
  8 oozes
  4 adder skeletons
  9 worms
  3 dart slugs
  7 leopard geckos
  79 orcs
  2 giant cockroaches
  5 goblins
  5 hobgoblins
  6 jackals
  5 quokkas
  A ball python (D:2)
  6 bats
  6 frilled lizards
  A giant cockroach zombie (D:5)
  16 kobolds
  A quokka skeleton (D:6)
  A quokka zombie (D:7)
  7 rats
  5 fungi (D:9)
  2 plants
401 creatures vanquished.

Vanquished Creatures (others)
  15 fungi
  2 plants (D:9)
  7 toadstools (D:4)
24 creatures vanquished.

Grand Total: 425 creatures vanquished

Notes
Turn   | Place    | Note
-------+----------+-------------------------------------------
     0 | D:1      | Flugslaktarn the Deep Dwarf Fighter began the quest for the
                  | Orb.
     0 | D:1      | Reached XP level 1. HP: 20/20 MP: 1/1
   171 | D:1      | Reached XP level 2. HP: 27/27 MP: 2/2
   371 | D:2      | Reached skill level 3 in Axes
   371 | D:2      | Reached XP level 3. HP: 26/34 MP: 3/3
   437 | D:2      | Found an ancient bone altar of Kikubaaqudgha.
   456 | D:2      | Noticed a bullfrog
   460 | D:2      | Killed a bullfrog
   460 | D:2      | Reached XP level 4. HP: 25/42 MP: 4/4
   948 | D:2      | Reached skill level 4 in Axes
  1001 | D:3      | Reached XP level 5. HP: 37/49 MP: 5/5
  1027 | D:3      | Found a faded altar of an unknown god.
  1739 | D:4      | Reached XP level 6. HP: 53/56 MP: 6/6
  1763 | D:4      | Reached skill level 5 in Axes
  1863 | D:4      | Reached XP level 7. HP: 20/64 MP: 7/7
  2063 | D:4      | Reached skill level 5 in Armour
  2083 | D:4      | Found a staircase to the Ecumenical Temple.
  2094 | D:4      | Reached skill level 5 in Shields
  2098 | D:4      | Reached skill level 6 in Axes
  2109 | Temple   | Entered the Ecumenical Temple
  2149 | Temple   | Became a worshipper of Makhleb the Destroyer
  2287 | D:4      | Reached skill level 1 in Invocations
  2551 | D:5      | Entered Level 5 of the Dungeon
  2598 | D:5      | Reached XP level 8. HP: 48/73 MP: 7/7
  2665 | D:5      | Reached * piety under Makhleb
  2701 | D:5      | Reached skill level 7 in Axes
  2994 | D:5      | Found an opulent altar of Gozag.
  3052 | D:5      | Found a basalt altar of Yredelemnul.
  3052 | D:5      | Found an opulent altar of Gozag.
  3053 | D:5      | Found a stormy altar of Qazlal.
  3162 | D:6      | Reached skill level 5 in Fighting
  3300 | D:6      | Reached skill level 8 in Axes
  3338 | D:6      | Reached ** piety under Makhleb
  3529 | D:6      | Gained mutation: You passively map the area around you.
                  | [Deep Dwarf growth]
  3529 | D:6      | Reached XP level 9. HP: 75/81 MP: 10/10
  3561 | D:6      | Found a shimmering altar of Xom.
  4033 | D:7      | Found a stormy altar of Qazlal.
  4109 | D:7      | Noticed a two-headed ogre
  4133 | D:7      | Killed a two-headed ogre
  4133 | D:7      | Reached skill level 9 in Axes
  4133 | D:7      | Reached skill level 5 in Invocations
  4155 | D:7      | Found Tafafodgh's Jewellery Shoppe.
  4177 | D:7      | Bought an uncursed ring of poison resistance for 280 gold
                  | pieces
  4844 | D:7      | Found a hide-covered altar of Uskayaw.
  4875 | D:8      | Noticed Grum
  4903 | D:8      | Killed Grum
  4987 | D:8      | Reached XP level 10. HP: 57/91 MP: 11/11
  4988 | D:8      | Reached *** piety under Makhleb
  5058 | D:8      | Reached skill level 10 in Axes
  5074 | D:8      | Noticed Joseph
  5094 | D:8      | Killed Joseph
  5531 | D:8      | Noticed Prince Ribbit
  5543 | D:8      | Killed Prince Ribbit
  5798 | D:9      | Found a staircase to the Lair.
  5830 | D:9      | Reached **** piety under Makhleb
  6061 | D:9      | Found a shimmering blue altar of Sif Muna.
  6166 | D:9      | Reached skill level 11 in Axes
  6432 | D:9      | Reached XP level 11. HP: 55/100 MP: 13/13
  6665 | D:10     | Entered Level 10 of the Dungeon
  6759 | D:10     | Reached ***** piety under Makhleb
  6948 | D:10     | Found a staircase to the Orcish Mines.
  7176 | D:10     | Found a roughly hewn altar of Beogh.
  7523 | D:10     | Found Aprer's General Store.
  7530 | D:10     | Bought a scroll of enchant weapon for 97 gold pieces
  7530 | D:10     | Bought a scroll of fear for 45 gold pieces
  7545 | D:10     | Gained mutation: Your spells are a little harder to cast,
                  | but a little more powerful. [potion of mutation]
  7545 | D:10     | Gained mutation: You are clumsy. (Dex -2) [potion of
                  | mutation]
  7545 | D:10     | Gained mutation: You are frail. (-10% HP) [potion of
                  | mutation]
  7545 | D:10     | Gained mutation: Your system is resistant to poisons.
                  | (rPois) [potion of mutation]
  7546 | D:10     | Lost mutation: Your spells are a little harder to cast, but
                  | a little more powerful. [potion of mutation]
  7546 | D:10     | Lost mutation: You are clumsy. (Dex -2) [potion of
                  | mutation]
  7546 | D:10     | Gained mutation: Your flesh is cold resistant. (rC+)
                  | [potion of mutation]
  7546 | D:10     | Gained mutation: Your flesh is very cold resistant. (rC++)
                  | [potion of mutation]
  7547 | D:10     | Lost mutation: Your flesh is very cold resistant. (rC++)
                  | [potion of mutation]
  7547 | D:10     | Lost mutation: You are frail. (-10% HP) [potion of
                  | mutation]
  7547 | D:10     | Lost mutation: Your system is resistant to poisons. (rPois)
                  | [potion of mutation]
  7547 | D:10     | Gained mutation: Your mind is acute. (Int +2) [potion of
                  | mutation]
  7547 | D:10     | Gained mutation: Your system is resistant to poisons.
                  | (rPois) [potion of mutation]
  7547 | D:10     | Gained mutation: Your flesh is heat resistant. (rF+)
                  | [potion of mutation]
  7569 | D:10     | Reached skill level 12 in Axes
  8156 | D:11     | Reached ****** piety under Makhleb
  8288 | D:11     | Noticed Erica
  8304 | D:11     | Killed Erica
  8676 | D:12     | Reached XP level 12. HP: 64/110 MP: 12/12
  8910 | D:12     | Found a runed translucent door.
  9150 | D:12     | Noticed a tengu warrior
  9189 | D:12     | Killed a tengu warrior
  9224 | D:12     | Reached skill level 5 in Dodging
  9230 | D:12     | Noticed Maurice
  9257 | D:12     | Splashed by Maurice's acid

Illustrated notes

Levels and vault maps discovered:
D:1:      wander_arrival_estate, layout_loops_ring
D:2:      minmay_recursive_quarters, layout_loops_cross, old_standard_altar,
          first_ration, hangedman_decor_points
D:3:      layout_loops_ring, chequers_ecumenical_altar_simple_redux,
          minmay_fractal_squares_5
D:4:      cheibrodos_fertilizer, layout_loops_ring,
          minmay_temple_entry_statues_pillars
D:5:      layout_rooms, chequers_temple_overflow_statue_of_worship, basic_altar,
          kennysheep_crisscross
D:6:      layout_gridville, lemuel_doored_altar, minmay_misc_feat_rows
D:7:      layout_basic, lemuel_coloured_pillars_altar, basic_altar,
          serial_shops, shop
D:8:      layout_basic, uniq_prince_ribbit1, uniq_grum, uniq_joseph
D:9:      layout_irregular_city, due_lair_maze_entry_diamond, basic_altar
D:10:     minmay_goldmine, layout_layer_cave,
          kennysheep_orc_monster_closet_entryway, special_room
          [special_room_orc], serial_shops, nicolae_shop_stone
D:11:     layout_roguey, uniq_erica
D:12:     layout_basic, muffindrake_ghost_dual_entry, grunt_tengu_nest,
          uniq_maurice
Temple:   nicolae_temple_elliptical

Skill      XL: |  1  2  3  4  5  6  7  8  9 10 11 12 |
---------------+-------------------------------------+-----
Fighting       | 3 4 5 6 7 |  7.9
Axes           | 3 4 5 6 8 9 11 12 | 12.4
Armour         | 4 5 6 7 8 9 |  9.4
Shields        | 4 5 6 7 8 9 |  9.3
Invocations    | 2 4 6 7 9 |  9.3
Dodging        | 3 5 |  5.0

Action                   |  1- 3 |  4- 6 |  7- 9 | 10-12 || total
-------------------------+-------+-------+-------+-------++-------
Melee: War axe           |    78 |   172 |   463 |   877 ||  1590
       Hand axe          |       |       |       |    94 ||    94
 Abil: Heal Wounds       |       |     4 |    10 |    22 ||    36
Evoke: Wand              |       |       |       |     1 ||     1
  Use: Scroll            |       |       |    10 |    12 ||    22
       Potion            |       |       |       |     4 ||     4
  Eat: Chunk             |       |     4 |     7 |    12 ||    23
       Ration            |       |       |     1 |     1 ||     2
Armor: Scale mail        |    43 |    70 |     6 |       ||   119
       Plate armour      |       |       |   236 |   446 ||   682
       Ice dragon scales |       |       |       |    98 ||    98
Dodge: Dodged            |    41 |    57 |    75 |   215 ||   388
Block: Kite shield       |    46 |   107 |   245 |   580 ||   978

Table legend:
 A = Non-vault XP
 B = Vault XP
 C = Vault XP percentage of total XP
 D = Non-vault monster count
 E = Vault monster count
 F = Vault count percentage of total count
                 A         B        C        D         E       F
            +---------+---------+-------+---------+---------+-------
      Total |   16569 |    6634 |  28.6 |     302 |      92 |  23.4
            +---------+---------+-------+---------+---------+-------
        D:1 |      22 |       0 |   0.0 |      13 |       0 |   0.0
        D:2 |     146 |      26 |  15.1 |      21 |       5 |  19.2
        D:3 |     100 |      35 |  25.9 |      21 |       4 |  16.0
        D:4 |     662 |     185 |  21.8 |      23 |      15 |  39.5
        D:5 |     978 |       0 |   0.0 |      31 |       0 |   0.0
        D:6 |    1088 |       0 |   0.0 |      24 |       0 |   0.0
        D:7 |    1546 |       0 |   0.0 |      22 |       0 |   0.0
        D:8 |    1902 |    1399 |  42.4 |      24 |       7 |  22.6
        D:9 |    2723 |    1013 |  27.1 |      40 |       8 |  16.7
       D:10 |    3603 |    2150 |  37.4 |      38 |      51 |  57.3
       D:11 |    2871 |     944 |  24.7 |      35 |       1 |   2.8
       D:12 |     928 |     882 |  48.7 |      10 |       1 |   9.1
            +---------+---------+-------+---------+---------+-------
